 Dungeon Sprint DCSS version bcrawl-1.21.3-2-g9d8a61a446 (webtiles) character file.

Game seed: 9024882238273954152

704 funkygono the Blocker (level 7, -1/73 HPs)
             Began as a Minotaur Fighter on Apr 12, 2020.
             Slain by a neqoxec (7 damage)
             ... in the Dungeon (Sprint II: "The Violet Keep of Menkaure").
             The game lasted 00:01:25 (309 turns).

funkygono the Blocker (Minotaur Fighter)             Turns: 309, Time: 00:01:26

Health: -1/73      AC:  8    Str: 26      XL:     7   Next: 39%
Magic:  4/5        EV: 10    Int:  2 (5)  God:
Gold:   243        SH: 12    Dex:  7 (9)  Spells: 6/6 levels left

rFire    . . .     SeeInvis .   a - +0 flail
rCold    . . .     Gourm    .   c - +0 medium shield
rNeg     . . .     Faith    .   b - +0 scale mail
rPois    .         Spirit   .   (helmet restricted)
rElec    .         Reflect  .   (no cloak)
rCorr    .         Harm     .   (no gloves)
MR       .....     NoTele   +   (no boots)
Stlth    ..........             (no amulet)
HPRegen  0.22/turn              (no ring)
MPRegen  0.09/turn              (no ring)

@: mighty, mesmerised, slowed, lost intelligence, very slow
A: retaliatory headbutt, horns 2, [blurry vision 2], [deterioration 2], [low mp
1], [screaming 2], [weak 1]
a: no special abilities


You were in the Dungeon.
You were not hungry.

You visited 1 branch You collected 243 gold pieces.

Inventory:

Hand Weapons
 a - a +0 flail (weapon)
Armour
 b - a +0 scale mail (worn)
 c - a +0 medium shield (worn)
Scrolls
 k - a scroll of blinking
Potions
 g - a potion of heal wounds
 h - a potion of haste
 i - 2 potions of magic
 j - a potion of berserk rage
Comestibles
 e - a ration {!d}


   Skills:
 + Level 10.5 Fighting
 + Level 9.1 Maces & Flails
 + Level 10.2 Armour
 + Level 1.7 Dodging
 + Level 10.8 Shields


You had 6 spell levels left.
You didn't know any spells.
Your spell library was empty.

Dungeon Overview and Level Annotations

Branches:
Dungeon (1/1)

Altars:


Innate Abilities, Weirdness & Mutations

You reflexively headbutt those who attack you in melee.
You have a pair of horns on your head.
[Scrolls take you longer to read.]
[Your body often deteriorates upon taking damage.]
[Your magical capacity is low. (-10% MP)]
[You sometimes yell uncontrollably at your foes.]
[You are weak. (Str -2)]


Message History

You block the merfolk siren's attack. The neqoxec hits you.
* * * LOW HITPOINT WARNING * * *
The neqoxec hits you!
* * * LOW HITPOINT WARNING * * *
Your body deteriorates!
You feel dopey.
The neqoxec gestures.
The merfolk siren chants its luring song.
You bludgeon the neqoxec!!
You kill the neqoxec!
The white imp disappears in a puff of smoke!
You feel your intelligence returning.
You feel your dexterity returning.
You feel the corruption within you wane somewhat.
Your vision sharpens a little.
You feel stronger.
You feel more energetic.
You feel clever. x2
Your Maces & Flails skill increases to level 9!
Your Armour skill increases to level 10!
The ufetubus closely misses you. You block the ufetubus's attack.
The quasit barely misses you. You block the quasit's attack. x2
The neqoxec hits you!
You die...

..°°○
##≈≈#+++#+++##
#≈≈≈.........#
#≈≈≈≈.##'##..#
#≈≈≈≈##...##.#
#≈≈≈ #..#..#
.. #≈≈ ##.#.##
#.. #≈ ##5##
5# .. #
##@##.# .
+533'# ##m###
#5# .§. ..#.
##. . ## ##


You could see a merfolk siren, 2 neqoxecs, a quasit, a shadow imp and an
ufetubus.

Vanquished Creatures
  2 neqoxecs (D)
  Menkaure (D)
  4 necrophages (D)
7 creatures vanquished.

Notes
Turn   | Place    | Note
-------+----------+-------------------------------------------
     0 | D        | funkygono the Minotaur Fighter began the quest for the Orb.
     0 | D        | Reached XP level 1. HP: 19/19 MP: 0/0
     1 | D        | Noticed a necrophage
     1 | D        | Noticed a necrophage
     1 | D        | Noticed a necrophage
     1 | D        | Noticed a necrophage
     7 | D        | Killed a necrophage
     7 | D        | Reached XP level 2. HP: 31/31 MP: 1/1
     7 | D        | Reached XP level 3. HP: 38/38 MP: 2/2
     7 | D        | Reached XP level 4. HP: 45/45 MP: 3/3
     9 | D        | Killed a necrophage
     9 | D        | Reached skill level 5 in Maces & Flails
     9 | D        | Reached XP level 5. HP: 53/53 MP: 4/4
    16 | D        | Killed a necrophage
    22 | D        | Killed a necrophage
    22 | D        | Reached XP level 6. HP: 52/61 MP: 5/5
    52 | D        | Noticed an obsidian statue
    54 | D        | Noticed Menkaure
    60 | D        | Killed Menkaure
    60 | D        | Reached skill level 10 in Fighting
    60 | D        | Reached skill level 1 in Dodging
   277 | D        | Noticed a neqoxec
   284 | D        | Noticed a neqoxec
   286 | D        | Noticed a neqoxec
   287 | D        | Killed a neqoxec
   287 | D        | Reached skill level 10 in Shields
   287 | D        | Reached XP level 7. HP: 61/71 MP: 6/6
   287 | D        | Lost intelligence.
   296 | D        | Noticed a neqoxec
   296 | D        | Noticed a merfolk siren
   309 | D        | Killed a neqoxec
   309 | D        | Reached skill level 10 in Armour
   309 | D        | Slain by a neqoxec

Skill      XL: |  1  2  3  4  5  6  7 |
---------------+----------------------+-----
Fighting       | 6 7 9 10 | 10.5
Maces & Flails | 4 5 6 8 9 |  9.1
Armour         | 6 7 9 10 | 10.2
Shields        | 6 7 9 10 | 10.8
Dodging        | 1 |  1.7

Action                   |  1- 3 |  4- 6 |  7- 9 || total
-------------------------+-------+-------+-------++-------
Melee: Flail             |     5 |    28 |    16 ||    49
       Headbutt          |       |     1 |     3 ||     4
  Use: Potion            |       |       |     2 ||     2
Armor: Scale mail        |     2 |     4 |    29 ||    35
Dodge: Dodged            |       |     3 |    40 ||    43
Block: Medium shield     |     3 |    10 |    31 ||    44
